Map: Dusk Towers

Players

Gracz - Winner!

  • Race: Terran Terran

Amiko

  • Race: Zerg Zerg

VOD

Have the link to the VOD?

Description

Time

  • Played on: April 27, 2016, 12:14 p.m.
  • Length: 5:25
Show
View Real Time Build Order
Export as new Build Order

Gracz Terran - Winner!

Build Orders:  

Get SALT Encoding   

  12  0:03  SCV  
  13  0:46  Supply Depot  
  13  0:48  Supply Depot  
  13  1:09  Barracks  
  13  1:14  Barracks  
  13  1:15  Barracks  
  13  1:26  SCV  
  14  1:38  SCV  
  15  1:56  Marine  
  16  2:04  Marine  
  16  2:05  Marine  
  18  2:14  Marine  
  19  2:22  Marine x2  
  21  2:32  Marine  
  22  2:39  Marine  
  22  2:40  Marine  
  24  2:50  Marine  
  25  2:57  Marine  
  25  2:58  Marine  
  27  3:08  Marine  
  28  3:15  Marine  
  28  3:16  Marine  
  30  3:25  Marine  
Show
View Real Time Build Order
Export as new Build Order

Amiko Zerg 

Build Orders: Hatch First 

Get SALT Encoding   

  12  0:01  Drone  
  13  0:08  Drone  
  14  0:20  Extractor  
  14  0:21  Extractor, Drone  
  14  0:22  Drone  
  14  0:27  Overlord  
  16  0:53  Hatchery  
  15  1:00  Drone x2  
  15  1:01  Extractor  
  15  1:02  Drone  
  17  1:20  Spawning Pool  
  17  1:21  Drone  
  17  1:26  Drone  
  18  1:34  Drone  
  19  1:43  Overlord  
  19  1:58  Drone  
  20  2:07  Metabolic Boost  
  20  2:08  Queen  
  20  2:13  Queen  
  24  2:17  Drone  
  24  2:20  Drone  
  26  2:25  Drone  
  26  2:27  Drone  
  26  2:29  Drone  
  29  2:34  Extractor, Drone  
  29  2:38  Drone  
  29  2:40  Drone  
  31  2:48  Overlord  
  31  2:55  Lair  
  31  2:56  Drone  
  32  2:58  Drone  
  33  3:09  Drone  
  33  3:10  Drone  
  33  3:11  Drone  
  36  3:14  Extractor  
  35  3:23  Drone  
  35  3:24  Drone  
  35  3:25  Drone x2  
  35  3:26  Zergling x2  
  40  3:29  Roach Warren  
  40  3:31  Overlord  
  39  3:40  Drone x3  
  42  3:42  Drone  
  42  3:46  Overlord  
  43  3:59  Zergling x6  
  46  4:07  Hydralisk Den  
  46  4:09  Spine Crawler  
  40  4:24  Roach x2  
  40  4:28  Spine Crawler  
  40  4:31  Hatchery  
  36  4:41  Zergling x2  
  36  4:43  Overlord x2  
  36  4:56  Roach  
  36  4:57  Roach  
  33  5:08  Spine Crawler  
Tags
 
Add a new tag
Caveats
  • Supply blocks, unpowered buildings, or Contaminate may cause inaccurate times.
  • Supply counts are checked every 10 seconds.